← All builds
Suicide front / Armada / Factory first / OBSERVED BUILD

Standard suicide front

Armada Suicide front build order · Supreme Isthmus

The role's baseline: Bot Lab at 0:21 then straight into reclaim-fed T1 bot production to contest the middle and hold until T2 arrives, with an Advanced Metal Extractor around 9:45.

#rush · 2020 distinct matches · 232 players · 71% of Armada Suicide front games · team won 59% of 2395 · Recently observed

HOW TO PLAY IT

Key timing: Bot Lab by 0:20

  1. Open with mex and lab-first to get Bot Lab up by 0:20.
  2. Expand mex and wind while lab pumps units toward middle.
  3. Push Sentry and early Rocketeer, Centurion to contest middle.
  4. Get T2 constructor out once Pond's boost lets you spare metal.
  5. Upgrade mex to Advanced Metal Extractor as you transition off T1 spam.

Phase by phase

TYPICAL OF ITS 2020 GAMES
  1. 1
  2. 2
  3. 3
PLAY THE OPENING

Follow the example game's first 6:00 step by step: what to build now, what comes next, and where it goes. At 1× it keeps pace with your own game.

  1. 1

    Bot Lab first

    Order
    1. Bot LabBot Lab done ~0:21, middle half 0:20–0:33

    Some games also: mex (44%)

  2. 2

    Bot Lab to 5:00

    Economy
    • Metal Extractor5Mex
    • Wind Turbine4Wind
    Builders
    • Construction Bot3 Con bot
    • Lazarus2 Lazarus
    Army
    • Sentry4 Sentry
    • Rocketeer16 Rocketeer
    • Tick2 Tick
    • Centurion1 Centurion
    Other
    • Radar Tower1 Radar Tower

    Some games also: pawn (37%) · con turret (34%)

    By 5:00 in all: 5 mex · 4 wind

    The example game in this phase · 43 steps
    1. TickTick ×2
    2. Construction BotCon bot
    3. Mex
    4. Wind ×2
    5. Construction BotCon bot
    6. SentrySentry
    7. Mex
    8. LazarusLazarus
    9. CenturionCenturion
    10. Mex
    11. RocketeerRocketeer
    12. SentrySentry
    13. Con turret
    14. RocketeerRocketeer
    15. Radar TowerRadar Tower
    16. RocketeerRocketeer
    17. SentrySentry
    18. RocketeerRocketeer ×2
    19. SentrySentry
    20. RocketeerRocketeer
    21. SentrySentry ×2
    22. Wind
    23. RocketeerRocketeer
    24. Dragon's TeethDragon's Teeth ×3
    25. Wind
    26. Dragon's TeethDragon's Teeth ×2
    27. RocketeerRocketeer
    28. Dragon's TeethDragon's Teeth ×3
    29. Wind
    30. Dragon's TeethDragon's Teeth ×3
    31. RocketeerRocketeer
    32. Wind
    33. Dragon's TeethDragon's Teeth ×3
    34. RocketeerRocketeer ×2
    35. Wind
    36. SentrySentry
    37. LazarusLazarus
    38. SentrySentry
    39. Wind ×2
    40. RocketeerRocketeer
    41. Wind
    42. RocketeerRocketeer
    43. Converter
  3. 3

    5:00 to 10:00

    Economy
    • Metal Extractor1Mex
    • Wind Turbine15Wind
    Builders
    • Construction Turret2 Con turret
    • Lazarus2 Lazarus
    • Construction Bot1 Con bot
    Army
    • Sentry1 Sentry
    • Rocketeer8 Rocketeer

    Some games also: pawn (49%) · Radar Tower (46%) · tick (45%) · centurion (44%) · energy storage (43%) · eat Bot Lab (31%)

    By 10:00 in all: 6 mex · 21 wind · 1 energy storage · 2 con turret

    The example game in this phase · 251 steps
    1. RocketeerRocketeer
    2. Converter ×2
    3. RocketeerRocketeer
    4. Wind
    5. Con turret
    6. RocketeerRocketeer
    7. Dragon's TeethDragon's Teeth
    8. LazarusLazarus
    9. Dragon's TeethDragon's Teeth ×7
    10. Wind ×2
    11. Dragon's TeethDragon's Teeth
    12. LazarusLazarus
    13. Dragon's TeethDragon's Teeth
    14. Wind
    15. Dragon's TeethDragon's Teeth
    16. Construction BotCon bot
    17. Wind ×2
    18. Dragon's TeethDragon's Teeth
    19. Wind ×2
    20. Dragon's TeethDragon's Teeth ×2
    21. Wind ×2
    22. Dragon's TeethDragon's Teeth ×3
    23. Construction BotCon bot
    24. Con turret
    25. Dragon's TeethDragon's Teeth ×2
    26. Wind
    27. SentrySentry
    28. Wind
    29. Construction BotCon bot
    30. Wind ×3
    31. Construction BotCon bot
    32. Wind ×3
    33. Converter
    34. Wind ×2
    35. Converter
    36. Wind
    37. Converter
    38. Wind ×2
    39. Converter
    40. Wind
    41. Energy storage
    42. Converter
    43. Wind
    44. Converter
    45. Wind
    46. Con turret
    47. Metal storage
    48. Wind ×5
    49. Con turret
    50. Wind ×2
    51. Con turret
    52. Wind ×3
    53. Con turret
    54. Wind ×13
    55. Bot LabEat Bot Labreclaimed for its metal
    56. Wind ×14
    57. Converter
    58. Wind
    59. Converter
    60. Wind
    61. Converter ×3
    62. Wind
    63. Converter
    64. Wind
    65. Converter ×3
    66. Wind ×2
    67. Converter
    68. Energy storage
    69. Wind
    70. Converter
    71. Wind ×4
    72. Converter
    73. Wind ×2
    74. Con turret
    75. Wind ×15
    76. Con turret
    77. Wind
    78. Con turret
    79. Wind
    80. Bot LabBot Labdone 10:20
    81. Wind ×4
    82. TickTick
    83. Advanced Metal ExtractorT2 mexdone 11:07 · typical 9:46
    84. Wind ×2
    85. TickTick
    86. Con turret
    87. Wind
    88. TickTick ×2
    89. Wind
    90. TickTick ×2
    91. Wind ×2
    92. TickTick
    93. Wind
    94. TickTick
    95. Wind
    96. TickTick
    97. Converter
    98. Wind ×3
    99. Converter
    100. Wind ×3
    101. TickTick
    102. Converter
    103. Wind ×3
    104. TickTick
    105. Wind
    106. Bot LabEat Bot Labreclaimed for its metal
    107. Wind ×3
    108. Advanced Metal ExtractorT2 mex
    109. Wind ×4
    110. Converter
    111. Wind ×2
    112. Converter
    113. Wind
    114. Converter
    115. Wind
    116. Converter
    117. Wind
    118. Converter
    119. Con turret
    120. Wind ×2
    121. Converter
    122. Wind
    123. Converter
    124. Wind
    125. Advanced Metal ExtractorT2 mex
    126. Wind
    127. Converter ×2
    128. Bot LabBot Labdone 12:56
    129. Wind ×13
    130. Con turret
    131. Wind ×5
    132. Advanced Metal ExtractorT2 mex
    133. Wind ×3
    134. Con turret
    135. Wind
    136. Con turret
    137. Wind ×5
    138. Converter
    139. Wind ×3
    140. Converter
    141. LazarusLazarus
    142. Wind ×3
    143. Converter
    144. Wind ×8
    145. LazarusLazarus
    146. Wind
    147. Converter
    148. Wind ×2
    149. Converter
    150. Wind
    151. Converter
    152. Wind ×3
    153. LazarusLazarus
    154. Wind ×6
    155. Converter
    156. Wind ×2
    157. Converter
    158. Advanced Metal ExtractorT2 mex
    159. LazarusLazarus
    160. Converter
    161. Con turret
    162. Converter
    163. Wind
    164. Converter
    165. Wind
    166. Con turret ×2
    167. Wind
    168. Converter
    169. Wind
    170. LazarusLazarus
    171. Wind ×17
    172. Con turret
    173. Wind ×10
    174. TickTick
    175. Converter
    176. Wind ×2
    177. TickTick
    178. Converter
    179. Wind
    180. Converter ×2
    181. PulsarPulsarnot finished by 15:00
    182. TickTick
    183. Wind ×2
    184. Converter
    185. TickTick
    186. Wind ×2
    187. Converter
    188. TickTick
    189. Wind
    190. BeamerBeamer
    191. Wind
    192. TickTick
    193. Wind ×4
    194. TickTick
    195. Wind ×2
    196. Converter
    197. Wind
    198. TickTick
    199. Wind
    200. Converter
    201. TickTick
    202. Wind
    203. Con turret
    204. Converter
    205. TickTick
    206. Wind ×2
    207. TickTick
    208. Dragon's TeethDragon's Teeth
    209. Con turret
    210. Wind ×2
    211. Dragon's TeethDragon's Teeth
    212. Wind
    213. Fortification WallFortification Wall
    214. TickTick
    215. Dragon's TeethDragon's Teeth
    216. TickTick
    217. Wind ×2
    218. Fortification WallFortification Wall
    219. BeamerBeamer
    220. Wind ×3
    221. TickTick
    222. Wind
    223. Fortification WallFortification Wall
    224. Wind ×3
    225. Fortification WallFortification Wall
    226. Wind
    227. Con turret
    228. Wind
    229. TickTick
    230. Fortification WallFortification Wall
    231. Wind
    232. Fortification WallFortification Wall
    233. TickTick
    234. Fortification WallFortification Wall
    235. Wind ×2
    236. Fortification WallFortification Wall
    237. Wind ×3
    238. Fortification WallFortification Wall
    239. Converter
    240. Wind
    241. Fortification WallFortification Wall
    242. TickTick
    243. Fortification WallFortification Wall
    244. Wind
    245. Converter
    246. Wind ×2
    247. Fortification WallFortification Wall
    248. Converter
    249. Wind
    250. Converter
    251. TickTick

Counts are medians over the build's games: half of them build more, half fewer. The example game is XuunnY's (33 OS, 12/10/2026); pick another.

Team trades

IN AT LEAST 30% OF ITS GAMES

You hand over

Nothing regular.

You get

  • Tidal Generator4 Tidal from Pondfirst at 0:11 · in 68% of games
  • Advanced Construction Bot1 T2 con bot from Geo or Techfirst at 7:41 · in 57% of games

How it plays out

Typical game of this build, running totals by minute

Metal produced

010k20k
0:005:0010:0015:00

metal

Enemy metal destroyed

05k10k
0:005:0010:0015:00

metal

Own metal lost

05k10k
0:005:0010:0015:00

metal

2395 games.

Show as table
ByMetal produced: This buildEnemy metal destroyed: This buildOwn metal lost: This build
1:0023000
2:0088600
3:002007184130
4:003108643501
5:0041841352998
6:00534921831707
7:00654430512590
8:00776039353502
9:00903546904383
10:001041253145163
11:001188958585965
12:001358364066686
13:001540468757453
14:001729875038214
15:001929281099007
WHAT THE NUMBERS SAY

Standard Suicide front play wins a bit over half its games while taking the heaviest own losses of any role by 15:00.

  • + Produces 20142 metal by 15:00, highest of the front roles.
  • + First kill by 2:01 in all games, fastest contest of middle.
  • − Own metal lost hits 9178 by 15:00, more than enemy metal destroyed.
  • − Only 34% Rocketeer share shows army spread thin across many bot types.
THE EXAMPLE YOU ARE READING

XuunnY

32.7 OS · 12/10/2026

Open source match ↗

6 received units · includes a constructor
37 metal received · 16663 energy received

Allied construction assistance is unknown. Timings are observations, not a promise of solo reproducibility.

Typical milestones

Bot Lab0:21Middle 50%: 0:20–0:33 · n=2387
Advanced Metal Extractor9:46Middle 50%: 8:50–10:58 · n=1732

Played most by

_X_262games of this buildPlatinumBlonde188games of this buildXad165games of this buildTrapCaT109games of this buildImmort80games of this build